 Dungeon Crawl Stone Soup version 0.25-a0-424-g80bd347ae0 (webtiles) character file.

Game seed: 7698483585848813356, levelgen mode: deterministic

1971 kae the Transmogrifier (level 9, 0/59 HPs)
             Began as a Demonspawn Transmuter on Jan 22, 2020.
             Was a Follower of Uskayaw.
             Splashed by a jelly's acid (8 damage)
             ... on level 6 of the Dungeon.
             The game lasted 00:10:33 (7992 turns).

kae the Transmogrifier (Demonspawn Transmuter)      Turns: 7992, Time: 00:10:34

Health: 0/59       AC: -14   Str: 10    XL:     9   Next: 0%
Magic:  0/12       EV: 20    Int: 14    God:    Uskayaw [*.....]
Gold:   552        SH:  0    Dex: 28    Spells: 1/12 levels left

rFire    . . .     SeeInvis .     - Unarmed
rCold    . . .     Gourm    .   (shield currently unavailable)
rNeg     + . .     Faith    .   (armour currently unavailable)
rPois    x         Spirit   +   (helmet unavailable)
rElec    .         Reflect  .   (cloak currently unavailable)
rCorr    .         Harm     .   (gloves currently unavailable)
MR       .....                  (boots currently unavailable)
Stlth    +++.......             (no amulet)
HPRegen  0.19/turn              l - +3 ring of dexterity
MPRegen  0.26/turn              n - ring of positive energy

@: spider-form, corroded
A: tiny, thin skeletal structure 1, magic shield, magic regeneration, magic link
a: End Transformation, Stomp, Renounce Religion


You were on level 6 of the Dungeon.
You worshipped Uskayaw.
Uskayaw was noncommittal.
You were hungry.
You were a venomous arachnid creature.
You visited 2 branches of the dungeon, and saw 7 of its levels.
You also visited: Ossuary.

You collected 552 gold pieces.

Inventory:

Hand Weapons
 g - a +0 whip (melded)
Missiles
 a - 71 arrows
Armour
 b - a +0 robe
 c - a +2 animal skin (melded)
 f - a +0 pair of gloves (melded)
 p - a +0 pair of boots (melded)
Jewellery
 h - an uncursed ring of ice
 l - a +3 ring of dexterity (left front leg)
 n - a ring of positive energy (right front leg)
 o - an uncursed ring of fire
Scrolls
 e - 2 scrolls of remove curse
 i - 2 scrolls of identify
 m - a scroll of fear {unknown}
Potions
 k - 2 potions of brilliance
 u - a potion of mutation
Comestibles
 d - 3 rations


   Skills:
 - Level 1.0 Fighting
 - Level 1.7 Dodging
 - Level 2.6 Unarmed Combat
 - Level 2.0 Spellcasting
 + Level 10.8 Transmutations


You had one spell level left.
You knew the following spells:

 Your Spells              Type           Power        Failure   Level  Hunger
a - Beastly Appendage     Tmut           ####..       2%          1    ##.....
b - Sticks to Snakes      Tmut           ####....     3%          2    ###....
c - Spider Form           Tmut/Pois      ###.......   21%         3    ####...
d - Blade Hands           Tmut           ####......   21%         5    ######.

Your spell library contained the following spells:

 Spells                   Type           Power        Failure   Level  Hunger
 Ice Form                 Ice/Tmut       ###.....     47%         4    #####..


Dungeon Overview and Level Annotations

Branches:
Dungeon (6/15)             Temple (1/1) D:6         Ossuary (visited)

Altars:
Ashenzari
Cheibriados
Dithmenos
Elyvilon
Fedhas
Gozag
Hepliaklqana
Makhleb
Nemelex Xobeh
Okawaru
Qazlal
Sif Muna
Trog
Uskayaw
Vehumet
Wu Jian
Xom
Yredelemnul
Zin
The Shining One

Annotations:
D:1 exclusion: gnoll


Innate Abilities, Weirdness & Mutations

((You have a pair of large horns on your head.))
You have a somewhat thin skeletal structure. (Dex +2, Stealth)
When hurt, damage is shared between your health and your magic reserves.
You regenerate magic rapidly.
When low on magic, you restore magic in place of health.


Message History

You are too injured to fight recklessly!
You are too injured to fight recklessly!
You hit the jelly but do no damage. The acid corrodes you!
Your front legs burn!
The jelly is heavily wounded.
The jelly hits you. The acid corrodes you!
You are splashed with acid!
You hit the jelly. The acid corrodes you!
Your front legs burn!
The jelly is severely wounded.
The jelly misses you.
You hit the jelly.
The jelly is poisoned.
Your front legs burn!
The jelly is almost dead.
The jelly hits you.
You are splashed with acid!
* * * LOW HITPOINT WARNING * * *
You hit the jelly but do no damage.
Your front legs burn!
* * * LOW HITPOINT WARNING * * *
The jelly is almost dead.
The jelly hits you.
* * * LOW HITPOINT WARNING * * *
You are splashed with acid!
You die...

#........... ##
#........... .
#....[...... .###
##. .........# ...#
###..###........#
....
#.....#.(.......#
....
...........J.$..#
##..
......##..s.....#
##..
#^...#.......... ...
#........####.
###########..[####.#
..........##...# ...
#########.##.#..#
#### #....##.#
###..# ..## ##
#..###..##


You could see a jelly.

Vanquished Creatures
  Prince Ribbit (D:5)
  Sigmund (D:2)
  2 ice beasts
  2 sky beasts (D:5)
  A centaur (D:5)
  2 ogres (D:4)
  Blork the orc (D:5)
  A bullfrog (D:6)
  An elf zombie (Ossuary)
  2 howler monkeys (D:4)
  A centaur zombie (D:5)
  A human zombie (Ossuary)
  3 crimson imps
  A bullfrog skeleton (D:5)
  2 orc priests (D:6)
  2 hounds
  2 orc wizards
  A worker ant (D:5)
  A big kobold zombie (Ossuary)
  A hound zombie (D:5)
  2 mummies (Ossuary)
  2 worker ant zombies
  Robin (D:1)
  8 gnolls
  A howler monkey skeleton (D:5)
  9 adders
  4 worms
  2 leopard geckos
  22 orcs
  8 bats
  2 giant cockroaches
  3 gnoll zombies (Ossuary)
  5 hobgoblins
  3 jackals (D:1)
  3 quokkas
  4 ball pythons
  5 frilled lizards
  11 goblins
  A goblin zombie (D:5)
  3 hobgoblin zombies (Ossuary)
  4 kobolds
  5 orc zombies (Ossuary)
  7 rats
  A rat zombie (D:5)
145 creatures vanquished.

Notes
Turn   | Place    | Note
-------+----------+-------------------------------------------
     0 | D:1      | kae the Demonspawn Transmuter began the quest for the Orb.
     0 | D:1      | Reached XP level 1. HP: 15/15 MP: 3/3
    11 | D:1      | Reached skill level 2 in Transmutations
   229 | D:1      | Gained mutation: When hurt, damage is shared between your
                  | health and your magic reserves. [demonic ancestry]
   229 | D:1      | Reached XP level 2. HP: 11/21 MP: 3/5
   409 | D:1      | Learned a level 2 spell: Sticks to Snakes
   765 | D:2      | Noticed Robin
   783 | D:1      | Reached skill level 3 in Transmutations
   984 | D:1      | Killed Robin
   984 | D:1      | Gained mutation: You have a pair of small horns on your
                  | head. [demonic ancestry]
   984 | D:1      | Reached XP level 3. HP: 15/26 MP: 4/6
  1476 | D:2      | Learned a level 3 spell: Spider Form
  1683 | D:2      | Found a shattered altar of Ashenzari.
  1950 | D:2      | Reached skill level 4 in Transmutations
  1950 | D:2      | Gained mutation: You have a pair of horns on your head.
                  | [demonic ancestry]
  1950 | D:2      | Reached XP level 4. HP: 12/32 MP: 2/7
  2422 | D:2      | Noticed Sigmund
  2440 | D:2      | Killed Sigmund
  2440 | D:2      | Reached skill level 5 in Transmutations
  2440 | D:2      | Reached XP level 5. HP: 22/37 MP: 3/8
  2767 | D:3      | Gained mutation: You regenerate magic rapidly. [demonic
                  | ancestry]
  2767 | D:3      | Reached XP level 6. HP: 43/43 MP: 9/9
  3581 | D:4      | Reached skill level 6 in Transmutations
  4278 | D:3      | Reached skill level 7 in Transmutations
  4281 | D:3      | Gained mutation: You have a somewhat thin skeletal
                  | structure. (Dex +2, Stealth) [demonic ancestry]
  4281 | D:3      | Reached XP level 7. HP: 31/48 MP: 8/10
  5101 | D:5      | Entered Level 5 of the Dungeon
  5154 | D:5      | Noticed Prince Ribbit
  5163 | D:5      | Noticed Blork the orc
  5167 | D:5      | Reached skill level 8 in Transmutations
  5425 | D:5      | Killed Blork the orc
  5505 | D:5      | HP: 1/48 [something (5)]
  5530 | D:5      | Found a sand-covered staircase.
  5543 | Ossuary  | Entered an ossuary
  5713 | Ossuary  | Gained mutation: When low on magic, you restore magic in
                  | place of health. [demonic ancestry]
  5713 | Ossuary  | Reached XP level 8. HP: 26/54 MP: 9/11
  6103 | Ossuary  | Reached skill level 9 in Transmutations
  6519 | D:5      | Found a shimmering blue altar of Sif Muna.
  6519 | D:5      | Found a sparkling altar of Nemelex Xobeh.
  6523 | D:5      | Found a basalt altar of Yredelemnul.
  6523 | D:5      | Found a radiant altar of Vehumet.
  6905 | D:5      | Killed Prince Ribbit
  6905 | D:5      | Reached skill level 10 in Transmutations
  6964 | D:6      | Learned a level 5 spell: Blade Hands
  6986 | D:6      | Found a staircase to the Ecumenical Temple.
  7052 | Temple   | Entered the Ecumenical Temple
  7278 | Temple   | Became a worshipper of Uskayaw the Reveler
  7329 | D:6      | Reached * piety under Uskayaw
  7337 | D:6      | Reached ** piety under Uskayaw
  7623 | D:6      | Reached *** piety under Uskayaw
  7626 | D:6      | Reached **** piety under Uskayaw
  7630 | D:6      | Reached ***** piety under Uskayaw
  7680 | D:6      | Gained mutation: You have a pair of large horns on your
                  | head. [demonic ancestry]
  7680 | D:6      | Reached XP level 9. HP: 17/59 MP: 4/12
  7992 | D:6      | Splashed by a jelly's acid

Levels and vault maps discovered:
D:1:      lightli_arrival_maybe_door_vault, layout_rooms
D:2:      layout_basic, ashenzari_altar_1, first_ration, uniq_sigmund,
          uniq_robin
D:3:      layout_basic, kennysheep_generic_room_11
D:4:      layout_cave_pools
D:5:      layout_basic, grunt_temple_overflow_open, enter_ossuary_4,
          kennysheep_generic_room_6, uniq_prince_ribbit1, uniq_blork_the_orc
D:6:      layout_rooms, minmay_temple_entry_purple_smoke,
          biasface_ghost_orc_armoury
Temple:   regret_index_temple_generic_petals

Skill      XL: |  1  2  3  4  5  6  7  8 |
---------------+-------------------------+-----
Transmutations | 2 3 4 5 7 8 10 | 10.8
Fighting       | |  1.0
Dodging        | |  1.7
Unarmed Combat | |  2.6
Spellcasting   | |  2.0

Action                   |  1- 3 |  4- 6 |  7- 9 || total
-------------------------+-------+-------+-------++-------
Melee: Unarmed           |    27 |    41 |   134 ||   202
       Headbutt          |    15 |    29 |    63 ||   107
       Punch             |     2 |     3 |     4 ||     9
       Whip              |   101 |   156 |   202 ||   459
       Kick              |    12 |     2 |       ||    14
 Cast: Beastly Appendage |    15 |     3 |       ||    18
       Spider Form       |       |     5 |    14 ||    19
       Blade Hands       |       |       |     2 ||     2
Invok: Stomp             |       |       |     1 ||     1
  Use: Scroll            |     4 |     4 |     4 ||    12
       Potion            |       |     2 |     3 ||     5
 Stab: Sleeping          |     1 |     2 |     4 ||     7
       Invisible         |       |     5 |       ||     5
       Paralysed         |       |       |     3 ||     3
       Distracted        |       |       |     1 ||     1
  Eat: Chunk             |     4 |     5 |     7 ||    16
       Ration            |       |     1 |     2 ||     3
Armor: Robe              |    25 |       |       ||    25
       Animal skin       |    17 |    42 |    57 ||   116
       Skin              |       |     1 |     4 ||     5
Dodge: Dodged            |   122 |   154 |   251 ||   527

Table legend:
 A = Non-vault XP
 B = Vault XP
 C = Vault XP percentage of total XP
 D = Non-vault monster count
 E = Vault monster count
 F = Vault count percentage of total count
                 A         B        C        D         E       F
            +---------+---------+-------+---------+---------+-------
      Total |    2007 |     809 |  28.7 |     109 |      36 |  24.8
            +---------+---------+-------+---------+---------+-------
        D:1 |      23 |      29 |  55.8 |      14 |       8 |  36.4
        D:2 |      77 |     220 |  74.1 |      18 |       6 |  25.0
        D:3 |     132 |      16 |  10.8 |      24 |       2 |   7.7
        D:4 |     427 |       0 |   0.0 |      15 |       0 |   0.0
        D:5 |     765 |     339 |  30.7 |      17 |       4 |  19.0
        D:6 |     580 |       0 |   0.0 |      20 |       0 |   0.0
     Temple |       3 |       0 |   0.0 |       1 |       0 |   0.0
    Ossuary |       0 |     205 | 100.0 |       0 |      16 | 100.0
            +---------+---------+-------+---------+---------+-------
